 Dungeon Crawl Stone Soup version 0.29.1-15-g9cfb28693d (webtiles) character file.

Game seed: 2467761472185081552

2 Ihaveafatcat the Firebug (level 1, 0/10 HPs)
             Began as a Gargoyle Fire Elementalist on Mar 29, 2023.
             Slain by a quokka (2 damage)
             ... on level 1 of the Dungeon.
             The game lasted 00:00:28 (490 turns).

Ihaveafatcat the Firebug (GrFE)                      Turns: 490, Time: 00:00:29

Health: 0/10       AC:  4    Str: 11    XL:     1   Next: 40%
Magic:  3/3        EV: 12    Int: 15    God:
Gold:   10         SH:  0    Dex: 10    Spells: 3/4 levels left

rFire   . . .      SeeInvis .   (no weapon)
rCold   . . .      Faith    .   (no shield)
rNeg    + . .      Spirit   .   a - +0 robe
rPois   ∞          Reflect  .   (no helmet)
rElec   +          Harm     .   (no cloak)
rCorr   .          Rampage  .   (no gloves)
Will    .....                   (no boots)
Stlth   ++........              (no amulet)
HPRegen 0.03/turn               (no ring)
MPRegen 0.08/turn               (no ring)

@: no status effects
A: sickness immunity, AC +2, negative energy resistance 1, electricity
resistance, torment resistance 1, petrification resistance
a: no special abilities


You were on level 1 of the Dungeon.
You visited 1 branch of the dungeon, and saw 1 of its levels.

You collected 10 gold pieces.

Inventory:

Armour
 a - a +0 robe (worn)
Scrolls
 c - a scroll of immolation {unknown}
Potions
 b - a potion of magic


   Skills:
 + Level 1.6 Dodging
 + Level 2.2 Stealth
 + Level 2.0 Spellcasting
 + Level 1.2 Conjurations
 + Level 3.0 Fire Magic


You had 3 spell levels left.
You knew the following spells:

 Your Spells              Type           Power      Damage    Failure   Level
a - Foxfire               Conj/Fire      28%        2x1d5     10%         1

Your spell library contained the following spells:

 Spells                   Type           Power      Damage    Failure   Level
 Scorch                   Fire           20%        2d6       10%         2
 Conjure Flame            Conj/Fire      7%         6-21      28%         3
 Inner Flame              Hex/Fire       6%         N/A       34%         3
 Flame Wave               Conj/Fire      7%         2d5       67%         4


Dungeon Overview and Level Annotations

Branches:
Dungeon (1/15)

Altars:


Innate Abilities, Weirdness & Mutations

You are immune to sickness and miasma.
Your stone body is resilient. (AC +2)
You are immune to poison.
You resist negative energy. (rN+)
You are resistant to electric shocks. (rElec)
You are resistant to unholy torment.
You are immune to petrification.


Message History

There are monsters nearby!
You barely miss the quokka.
The quokka is moderately wounded.
The quokka misses you. The rat barely misses you.
There are monsters nearby!
There are monsters nearby!
You closely miss the quokka.
The quokka is moderately wounded.
The quokka bites you but does no damage.
The rat barely misses you.
There are monsters nearby!
You barely miss the quokka.
The quokka is moderately wounded.
The quokka bites you but does no damage.
The rat misses you.
There are monsters nearby!
You closely miss the quokka.
The quokka is moderately wounded.
The quokka barely misses you.
The quokka bites you but does no damage.
The rat closely misses you.
There are monsters nearby!
You closely miss the quokka.
The quokka bites you but does no damage.
The rat bites you but does no damage.
There are monsters nearby!
There are monsters nearby!
You closely miss the quokka. The quokka barely misses you.
The quokka closely misses you. The rat bites you but does no damage.
There are monsters nearby!
You barely miss the quokka. The quokka bites you. The quokka misses you.
The rat bites you but does no damage.
You hit the quokka but do no damage. The quokka barely misses you.
The quokka bites you.
* * * LOW HITPOINT WARNING * * *
The rat bites you.
* * * LOW HITPOINT WARNING * * *
You barely miss the quokka. The quokka closely misses you.
The quokka bites you.
You die...

...#### #.# #.# .###
#.######.### ##
#...[...... #########
#.#####..# ........#
#.#####..#
###.###.###........####
#.........#####.....#
###...###.#####r#...#
#..........r@.#...#
#.#.##..#..##r#.r.#
#.#....... #.#...#
#.#.##..# ..#...# #.#
#...# ..#...# #####.# .
## #.##### #.....# ..
... #####.####.# ..
###........#


You could see 2 quokkas and a rat.

Vanquished Creatures
  An endoplasm (D:1)
  A giant cockroach (D:1)
2 creatures vanquished.

Notes
Turn   | Place    | Note
-------+----------+-------------------------------------------
     0 | D:1      | Ihaveafatcat the Gargoyle Fire Elementalist began the quest
                  | for the Orb.
     0 | D:1      | Reached XP level 1. HP: 10/10 MP: 3/3
   490 | D:1      | Slain by a quokka

Illustrated notes

Levels and vault maps discovered:
D:1:      lightli_arrival_quake, layout_basic, serial_park_tiny_pond

Action                   || total
-------------------------++-------
Melee: Unarmed           ||    39
 Stab: Sleeping          ||     2
Armor: Robe              ||    20
Dodge: Dodged            ||    31
